 Dungeon Crawl Stone Soup version 0.28-a0-643-g84cb2ea78e (webtiles) character file.

Game seed: 3098932618873539635

26862 timneilson the Protected (level 13, 0/147 HPs)
             Began as a Demonspawn Fighter on Oct 10, 2021.
             Was an Elder of Qazlal.
             Slain by a death yak simulacrum (7 damage)
             ... in an ice cave.
             The game lasted 00:25:11 (13054 turns).

timneilson the Protected (Demonspawn Fighter)      Turns: 13054, Time: 00:25:11

Health: 0/147      AC: 28    Str: 33    XL:     13   Next: 1%
Magic:  18/18      EV: 11    Int: 10    God:    Qazlal [****..]
Gold:   588        SH: 17    Dex: 17    Spells: 12/12 levels left

rFire   . . .      SeeInvis +   j - +2 scimitar (elec)
rCold   + + .      Faith    .   c - +0 buckler
rNeg    . . .      Spirit   .   H - +1 plate armour {rC+}
rPois   .          Reflect  +   J - +2 hat {SInv}
rElec   .          Harm     .   m - +2 cloak
rCorr   .          Rampage  .   t - +4 pair of gloves "Ylocsem" {Str+6}
Will    +....                   (boots unavailable)
Stlth   ..........              C - amulet of reflection
HPRegen 0.34/turn               r - ring of Exhibitionism {rC+ Will+ Dex+4 SInv}
MPRegen 0.16/turn               K - +6 ring of strength

@: berserking, repel missiles, very quick
A: hooves 3, icy blue scales 1, foul stench 3, powered by pain 2
a: Renounce Religion, Upheaval, Elemental Force


You were in an ice cave.
You worshipped Qazlal.
Qazlal was greatly pleased with you.
You visited 2 branches of the dungeon, and saw 13 of its levels.
You also visited: Ice Cave.

You collected 588 gold pieces.

Inventory:

Hand Weapons
 a - a +0 long sword
 j - a +2 scimitar of electrocution (weapon)
 A - a +1 scimitar of flaming
Armour
 b - a +0 tower shield
 c - a +0 buckler (worn)
 m - a +2 cloak (worn)
 t - the +4 pair of gloves "Ylocsem" (worn) {Str+6}
   (You found it on level 4 of the Dungeon)

   Str:       It affects your strength (+6).
 x - a +0 kite shield
 H - a +1 plate armour of cold resistance (worn)
 J - a +2 hat of see invisible (worn)
Jewellery
 i - a ring of poison resistance
 r - the ring of Exhibitionism (left hand) {rC+ Will+ Dex+4 SInv}
   (You found it on level 11 of the Dungeon)

   [ring of protection from cold]

   Dex:       It affects your dexterity (+4).
   rC:        It protects you from cold.
   SInv:      It lets you see invisible.
   Will:      It increases your willpower.
 u - a ring of ice
 C - an amulet of reflection (around neck)
 K - a +6 ring of strength (right hand)
Wands
 g - a wand of iceblast (28)
 s - a wand of polymorph (9)
 y - a wand of charming (7)
 z - a wand of flame (72)
 B - a wand of paralysis (18)
Scrolls
 f - 2 scrolls of magic mapping
 h - 3 scrolls of teleportation
 l - 2 scrolls of blinking
 p - 3 scrolls of fear
 G - a scroll of amnesia
Potions
 d - a potion of flight
 e - a potion of attraction
 k - 4 potions of lignification
 n - 3 potions of curing
 o - a potion of haste
 q - 4 potions of resistance
 v - a potion of invisibility
 w - a potion of mutation
 D - a potion of might
 E - a potion of cancellation
 F - 3 potions of magic


   Skills:
 + Level 7.9 Fighting
 * Level 9.7 Long Blades
 * Level 9.9 Armour
 + Level 6.5 Dodging
 * Level 9.8 Shields
 + Level 7.8 Invocations
 + Level 6.6 Evocations


You had 12 spell levels left.
You didn't know any spells.
Your spell library contained the following spells:

 Spells                   Type           Power      Damage    Failure   Level
 Magic Dart               Conj           0%         1d3       93%         1
 Blink                    Tloc           N/A        N/A       98%         2
 Call Imp                 Summ           0%         N/A       98%         2
 Dazzling Flash           Conj/Hex       0%         N/A       100%        3
 Lesser Beckoning         Tloc           0%         N/A       100%        3
 Mephitic Cloud           Conj/Pois/Air  0%         N/A       100%        3
 Iskenderun's Mystic Bla  Conj/Tloc      0%         2d3       100%        4
 Manifold Assault         Tloc           0%         N/A       100%        5
 Starburst                Conj/Fire      0%         6d3       100%        6


Dungeon Overview and Level Annotations

Branches:
Dungeon (12/15)            Temple (1/1) D:6            Lair (0/6) D:9
    Orc (0/2) D:10          IceCv (1/1)

Altars:
Ashenzari
Cheibriados
Dithmenos
Elyvilon
Fedhas
Gozag
Hepliaklqana
Kikubaaqudgha
Makhleb
Nemelex Xobeh
Okawaru
Qazlal
Ru
Sif Muna
Trog
Uskayaw
Vehumet
Wu Jian
Xom
Yredelemnul
Zin
The Shining One

Shops:
D:10 =


Innate Abilities, Weirdness & Mutations

You have hooves in place of feet.
You are partially covered in icy blue scales. (AC +2)
You frequently emit foul miasma when damaged in melee.
You sometimes gain power by taking damage.


Message History

You kick the polar bear simulacrum, but do no damage.
The polar bear simulacrum is almost destroyed.
You block the polar bear simulacrum's attack. x3
Unknown command.
You slice the polar bear simulacrum!!
The polar bear simulacrum vaporises!
Qazlal accepts your kill. The death yak simulacrum gores you.
The death yak simulacrum freezes you! You resist.
You emit a cloud of foul miasma!
You block the death yak simulacrum's attack.
Unknown command.
You hit the death yak simulacrum.
You kick the death yak simulacrum, but do no damage.
The death yak simulacrum is lightly damaged.
The death yak simulacrum gores you. The death yak simulacrum freezes you!
You resist.
* * * LOW HITPOINT WARNING * * *
You block the death yak simulacrum's attack.
A red film seems to cover your vision as you go berserk!
You feel yourself moving faster!
You feel mighty!
The death yak simulacrum gores you but does no damage. x2
You hit the death yak simulacrum.
You kick the death yak simulacrum, but do no damage.
The death yak simulacrum is lightly damaged.
The death yak simulacrum gores you.
* * * LOW HITPOINT WARNING * * *
The death yak simulacrum freezes you! You resist.
* * * LOW HITPOINT WARNING * * *
The death yak simulacrum gores you!
* * * LOW HITPOINT WARNING * * *
The death yak simulacrum freezes you. You resist.
* * * LOW HITPOINT WARNING * * *
You are too berserk!
You slice the death yak simulacrum!! You kick the death yak simulacrum!!
The death yak simulacrum vaporises!
Qazlal accepts your kill. The death yak simulacrum gores you.
* * * LOW HITPOINT WARNING * * *
The death yak simulacrum freezes you! You resist.
You die...

.# ##.
##..
##...
#...#
#.°.##
#Z°Z#
##○@.##
##§...°##
#..§∩.☼.#
#.......#
##..∩..##
##...##
#####


You could see 2 death yak simulacra.

Vanquished Creatures
  A boulder beetle (D:11)
  An ogre mage (D:11)
  Erica (D:8)
  2 centaur warriors (D:11)
  7 two-headed ogres
  Pikel (D:8)
  2 manticores (D:11)
  3 cyclopes (D:11)
  A gargoyle (D:11)
  An unseen horror (D:11)
  A rime drake (D:12)
  2 komodo dragons
  6 trolls
  3 polar bears (D:12)
  2 hornets (D:10)
  Grinder (D:6)
  Prince Ribbit (D:8)
  A centaur simulacrum (D:11)
  2 shadows
  A wraith (D:10)
  4 wyverns
  32 yaks
  A steam dragon (D:9)
  2 basilisks (D:9)
  Grum (D:8)
  5 vampire mosquitoes
  A death yak simulacrum (IceCv)
  2 acid dragons
  Duvessa (D:6)
  A water moccasin (D:8)
  A water moccasin (shapeshifter) (D:11)
  An ice beast (D:7)
  2 black bears
  6 orc warriors
  An ogre (D:7)
  2 necrophages
  4 wolves (D:8)
  2 centaurs
  A phantom (D:5)
  A lemure (D:8)
  10 bullfrogs
  A scorpion (D:4)
  Dowan (D:6)
  2 water moccasin zombies
  2 water moccasin skeletons (D:5)
  A killer bee (D:11)
  9 wights
  A howler monkey (D:7)
  10 centaur zombies
  5 hounds
  3 bullfrog zombies (D:5)
  3 gnoll shamans
  7 orc priests
  3 bullfrog skeletons (D:5)
  2 jellies (D:5)
  A centaur skeleton (D:5)
  A scorpion zombie (D:5)
  An iguana (D:5)
  8 orc wizards
  A polar bear simulacrum (IceCv)
  A killer bee zombie (D:8)
  A hound zombie (D:5)
  2 hound skeletons (D:5)
  2 howler monkey zombies
  15 gnolls
  A howler monkey skeleton (D:7)
  10 adders
  An adder zombie (D:5)
  2 dart slugs (D:2)
  42 orcs
  5 ball pythons
  4 endoplasms
  4 giant cockroaches
  5 goblins
  5 hobgoblins
  4 jackals (D:1)
  3 quokkas
  4 bats (D:1)
  3 frilled lizards
  5 kobolds
  3 rats
305 creatures vanquished.

Notes
Turn   | Place    | Note
-------+----------+-------------------------------------------
     0 | D:1      | timneilson the Demonspawn Fighter began the quest for the
                  | Orb.
     0 | D:1      | Reached XP level 1. HP: 18/18 MP: 1/1
   460 | D:1      | Gained mutation: You may rarely emit foul miasma when
                  | damaged in melee. [demonic ancestry]
   460 | D:1      | Reached XP level 2. HP: 20/24 MP: 2/2
   866 | D:1      | Gained mutation: You are partially covered in icy blue
                  | scales. (AC +2) [demonic ancestry]
   866 | D:1      | Reached XP level 3. HP: 28/29 MP: 3/3
  1474 | D:2      | Reached XP level 4. HP: 35/35 MP: 4/4
  1660 | D:2      | Found a faded altar of an unknown god.
  1937 | D:3      | Found a broken altar of Ashenzari.
  2608 | D:3      | Reached skill level 1 in Dodging
  3192 | D:4      | Noticed a black bear
  3201 | D:4      | Killed a black bear
  3202 | D:4      | Gained mutation: You have large cloven feet. [demonic
                  | ancestry]
  3202 | D:4      | Reached XP level 5. HP: 38/41 MP: 5/5
  3520 | D:4      | Gained mutation: You sometimes gain a little power by
                  | taking damage. [demonic ancestry]
  3520 | D:4      | Reached XP level 6. HP: 44/48 MP: 6/6
  3566 | D:4      | Identified the +4 pair of gloves "Ylocsem" {Str+6}
  3956 | D:5      | Entered Level 5 of the Dungeon
  3974 | D:5      | Gained mutation: You sometimes emit foul miasma when
                  | damaged in melee. [demonic ancestry]
  3974 | D:5      | Reached XP level 7. HP: 51/53 MP: 7/7
  4001 | D:5      | Reached skill level 1 in Evocations
  4377 | D:5      | Gained mutation: You have hoof-like feet. [demonic
                  | ancestry]
  4377 | D:5      | Reached XP level 8. HP: 53/60 MP: 8/8
  4467 | D:5      | Reached skill level 5 in Armour
  4511 | D:5      | Reached skill level 5 in Shields
  5154 | D:6      | Reached skill level 5 in Long Blades
  5327 | D:6      | Found a burning altar of Makhleb.
  5398 | D:6      | Found a staircase to the Ecumenical Temple.
  5400 | D:6      | Noticed Dowan
  5406 | D:6      | Noticed Duvessa
  5415 | D:6      | Killed Duvessa
  5419 | D:6      | Reached XP level 9. HP: 44/67 MP: 6/9
  5424 | D:6      | Killed Dowan
  5425 | D:6      | Reached skill level 5 in Fighting
  5427 | Temple   | Entered the Ecumenical Temple
  5848 | Temple   | Became a worshipper of Qazlal Stormbringer
  6029 | D:6      | Noticed Grinder
  6030 | D:6      | Paralysed by Grinder for 3 turns
  6034 | D:6      | Killed Grinder
  6148 | D:6      | Found a radiant altar of Vehumet.
  6205 | D:6      | Found a hazy altar of Hepliaklqana.
  6288 | D:6      | Found an ancient bone altar of Kikubaaqudgha.
  6290 | D:6      | Found a bloodstained altar of Trog.
  6290 | D:6      | Found a shimmering altar of Xom.
  6290 | D:6      | Found a snail-covered altar of Cheibriados.
  6431 | D:7      | Reached skill level 1 in Invocations
  7059 | D:8      | Noticed Prince Ribbit
  7065 | D:8      | Killed Prince Ribbit
  7128 | D:8      | Reached * piety under Qazlal
  7241 | D:8      | Noticed Pikel
  7252 | D:8      | Killed Pikel
  7253 | D:8      | Gained mutation: You sometimes gain power by taking damage.
                  | [demonic ancestry]
  7253 | D:8      | Reached XP level 10. HP: 51/75 MP: 8/12
  7525 | D:8      | Noticed Erica
  7542 | D:8      | Killed Erica
  7619 | D:8      | Noticed Grum
  7634 | D:8      | Killed Grum
  8800 | D:9      | Noticed a two-headed ogre
  8810 | D:9      | Killed a two-headed ogre
  9219 | D:9      | Reached XP level 11. HP: 82/82 MP: 14/14
  9328 | D:9      | Found a basalt altar of Yredelemnul.
  9346 | D:9      | Reached ** piety under Qazlal
  9449 | D:9      | Reached skill level 5 in Dodging
  9472 | D:9      | Reached skill level 5 in Invocations
  9596 | D:9      | Found a staircase to the Lair.
  9756 | D:9      | Noticed a two-headed ogre
  9764 | D:9      | Killed a two-headed ogre
  9765 | D:9      | Reached skill level 5 in Evocations
 10224 | D:10     | Entered Level 10 of the Dungeon
 10582 | D:10     | Noticed a two-headed ogre
 10589 | D:10     | Killed a two-headed ogre
 10622 | D:10     | Reached *** piety under Qazlal
 10894 | D:10     | Found a staircase to the Orcish Mines.
 11234 | D:10     | Found Cot Gias's Jewellery Shop.
 11431 | D:11     | Noticed a centaur warrior
 11444 | D:11     | Gained mutation: You have hooves in place of feet. [demonic
                  | ancestry]
 11444 | D:11     | Reached XP level 12. HP: 64/91 MP: 16/16
 11448 | D:11     | Killed a centaur warrior
 11591 | D:11     | Noticed a boulder beetle
 11607 | D:11     | Killed a boulder beetle
 11796 | D:11     | Noticed a centaur warrior
 11811 | D:11     | Killed a centaur warrior
 11933 | D:11     | Identified the ring of Exhibitionism {rC+ Will+ Dex+4 SInv}
 12138 | D:11     | Noticed a two-headed ogre
 12144 | D:11     | Killed a two-headed ogre
 12421 | D:11     | Noticed a two-headed ogre
 12426 | D:11     | Killed a two-headed ogre
 12531 | D:11     | Noticed an ogre mage
 12538 | D:11     | Killed an ogre mage
 12547 | D:11     | Identified the +9 hand crossbow "Qyzeihuc" {vorpal, Dex+4}
 12663 | D:11     | Reached **** piety under Qazlal
 12788 | D:11     | Identified the +6 fustibalus "Zioly" {flame, rCorr}
 12966 | D:12     | Noticed a two-headed ogre
 12975 | D:12     | Killed a two-headed ogre
 12984 | D:12     | Noticed a two-headed ogre
 13003 | D:12     | Killed a two-headed ogre
 13006 | D:12     | Found a frozen archway.
 13036 | D:12     | Gained mutation: You frequently emit foul miasma when
                  | damaged in melee. [demonic ancestry]
 13036 | D:12     | Reached XP level 13. HP: 49/98 MP: 18/18
 13044 | IceCv    | Entered an ice cave
 13054 | IceCv    | HP: 7/147 [death yak simulacrum (5)]
 13054 | IceCv    | Slain by a death yak simulacrum

Illustrated notes

Levels and vault maps discovered:
D:1:      saegor_arrival_simple_a, layout_basic
D:2:      layout_basic, ebering_ecumenical_altar_petrified
D:3:      layout_basic, nicolae_ashenzari_skybound
D:4:      layout_cave_pools
D:5:      layout_loops_ring, mainiacjoe_overflow_surrounded_room,
          old_standard_altar, serial_undead, serial_undead_c, serial_undead_f,
          serial_undead_b, serial_undead_d, serial_undead_b, serial_undead_b,
          serial_undead_e
D:6:      layout_basic, nzn_hepliaklqana_mist_gate,
          lemuel_coloured_pillars_altar, grunt_temple_overflow_open,
          mainiacjoe_overflow_24_doors, minmay_temple_entry_statues_pillars,
          uniq_duvessa, uniq_grinder
D:7:      layout_rooms
D:8:      kennysheep_ambush_hall, layout_basic, kennysheep_generic_room_7,
          uniq_pikel, uniq_erica, uniq_prince_ribbit1, uniq_grum
D:9:      layout_roguey, lemuel_crystal_altar, erik_lair_dragon, serial_rivers,
          chequers_serial_rivers_room_b, chequers_serial_rivers_small_3,
          chequers_serial_rivers_large_a, chequers_serial_rivers_small_a,
          chequers_serial_rivers_small_3, chequers_serial_rivers_micro_d,
          evilmike_butchery
D:10:     layout_irregular_city, orc_0_dummy, serial_glass, glass_columns_c,
          glass_columns_b, serial_shops, shop, serial_park_tiny_pond,
          minmay_puff
D:11:     minmay_tri_box, layout_long_grid, minmay_circle_x
D:12:     hangedman_cross_cluster, layout_irregular_city,
          portal_ice_cave_entry_animals_and_master
Temple:   minmay_temple_curvy_loop
IceCv:    ice_cave_small_necro

Skill      XL: |  1  2  3  4  5  6  7  8  9 10 11 12 |
---------------+-------------------------------------+-----
Long Blades    | 2 3 4 5 6 7 8 9 |  9.7
Armour         | 3 4 5 6 7 8 9 |  9.9
Shields        | 3 4 5 6 7 8 9 |  9.8
Dodging        | 1 2 3 4 5 6 |  6.5
Fighting       | 4 5 6 7 |  7.9
Evocations     | 1 2 3 4 5 6 |  6.6
Invocations    | 2 4 6 7 |  7.8

Action                   |  1- 3 |  4- 6 |  7- 9 | 10-12 | 13-15 || total
-------------------------+-------+-------+-------+-------+-------++-------
Melee: Long sword        |    63 |       |       |       |       ||    63
       Scimitar          |    27 |    86 |   276 |   457 |     8 ||   854
       Kick              |       |    20 |    92 |   178 |     7 ||   297
Evoke: Wand              |       |       |       |     1 |       ||     1
  Use: Scroll            |     2 |     6 |     6 |    10 |       ||    24
       Potion            |       |       |     1 |     6 |     1 ||     8
Armor: Scale mail        |    41 |    77 |    62 |       |       ||   180
       Chain mail        |       |       |   110 |   180 |       ||   290
       Plate armour      |       |       |       |    64 |     2 ||    66
Dodge: Dodged            |    50 |    56 |   129 |   164 |     1 ||   400
       Repelled          |     1 |       |       |       |       ||     1
Block: Buckler           |    18 |    28 |    65 |   377 |    10 ||   498
       Reflection        |       |       |       |     7 |       ||     7

Table legend: (Time is in decaauts)
 A = Elapsed time spent in this place.
 B = Non-inter-level travel time spent in this place.
 C = Inter-level travel time spent in this place.
 D = Time resting spent in this place.
 E = Time spent auto-exploring this place.
 F = Levels seen in this place.
 G = Mean time per level.
                   A        B        C        D        E       F      G
               +--------+--------+--------+--------+--------+-----+--------+
         Total |  13173 |  12789 |    384 |    386 |   9908 |  14 |  940.9 |
       Dungeon |  12719 |  12366 |    353 |    386 |   9500 |  12 | 1059.9 |
        Temple |    444 |    413 |     31 |      0 |    408 |   1 |  444.0 |
      Ice Cave |      8 |      8 |      0 |      0 |      0 |   1 |    8.0 |
               +--------+--------+--------+--------+--------+-----+--------+

Top non-repeatable levels by time:
     D:8: 1700 daAuts
    D:11: 1544 daAuts
     D:9: 1528 daAuts
     D:3: 1263 daAuts
     D:5: 1186 daAuts
    D:10: 1163 daAuts
     D:2: 993 daAuts
     D:1: 965 daAuts
     D:6: 861 daAuts
     D:4: 779 daAuts
     D:7: 649 daAuts
  Temple: 444 daAuts
    D:12: 83 daAuts
   IceCv: 8 daAuts
